 Dungeon Crawl Stone Soup version 0.21.1-1-g345015f (webtiles) character file.

410 RENEGADE the Slinger (level 6, -5/76 HPs)
             Began as a Gnoll Hunter on June 13, 2018.
             Was a Follower of Qazlal.
             Slain by Duvessa
             ... wielding a +0 short sword
              (8 damage)
             ... on level 4 of the Dungeon.
             The game lasted 00:42:38 (3084 turns).

RENEGADE the Slinger (Gnoll Hunter)                 Turns: 3084, Time: 00:42:39

Health: -5/76      AC: 30    Str: 14    XL:     6   Next: 89%
Magic:  9/9        EV:  2    Int: 13    God:    Qazlal [*.....]
Gold:   26         SH:  2    Dex: 18    Spells: 9/9 levels left

rFire    . . .     SeeInvis .   g - +1 dagger (protect)
rCold    . . .     Gourm    .   (no shield)
rNeg     + + +     Faith    .   (armour currently unavailable)
rPois    +         Spirit   .   (helmet currently unavailable)
rElec    .         Reflect  .   (cloak currently unavailable)
rCorr    .         Harm     .   (gloves currently unavailable)
MR       .....     NoTele   +   (boots currently unavailable)
Stlth    ++........             (no amulet)
HPRegen  0.22/turn              (no ring)
MPRegen  0.11/turn              (no ring)

@: tree-form, protection aura
A: distributed training, strong nose
a: Renounce Religion


You were on level 4 of the Dungeon.
You worshipped Qazlal.
Qazlal was aware of your devotion.
You were not hungry.
You were a tree.
You visited 1 branch of the dungeon, and saw 4 of its levels.

You collected 98 gold pieces.
You spent 72 gold pieces at shops.

Inventory:

Hand Weapons
 g - a +1 dagger of protection (weapon)
 p - a +2 hunting sling of velocity
Missiles
 d - 2 tomahawks (quivered)
 i - 54 stones
Armour
 b - a +0 ring mail (melded)
 e - a +0 helmet (melded)
 h - a +0 cloak (melded)
Wands
 j - a wand of digging (17)
Scrolls
 a - a scroll of remove curse
 m - a scroll of amnesia
 n - 2 scrolls of identify
Comestibles
 f - 4 rations


   Skills:
 + Level 5.0 Fighting
 + Level 2.1 Short Blades
 + Level 2.1 Long Blades
 + Level 2.1 Axes
 + Level 2.1 Maces & Flails
 + Level 2.1 Polearms
 + Level 2.1 Staves
 + Level 8.8 Slings
 + Level 2.1 Bows
 + Level 2.1 Crossbows
 + Level 2.1 Throwing
 + Level 2.1 Armour
 + Level 5.0 Dodging
 + Level 3.2 Stealth
 + Level 2.1 Shields
 + Level 2.1 Unarmed Combat
 + Level 2.1 Spellcasting
 + Level 1.6 Conjurations
 + Level 1.6 Hexes
 + Level 1.6 Charms
 + Level 1.6 Summonings
 + Level 1.6 Necromancy
 + Level 1.6 Translocations
 + Level 1.6 Transmutations
 + Level 1.6 Fire Magic
 + Level 1.6 Ice Magic
 + Level 1.6 Air Magic
 + Level 1.6 Earth Magic
 + Level 1.6 Poison Magic
 + Level 2.3 Invocations
 + Level 2.1 Evocations


You had 9 spell levels left.
You didn't know any spells.

Dungeon Overview and Level Annotations

Branches:
Dungeon (4/15)
 Temple: D:4-7

Altars:
Qazlal
Trog

Shops:
D:4 !

Annotations:
D:4 Duvessa


Innate Abilities, Weirdness & Mutations

Your experience applies equally to all skills.
((You have very sharp teeth.))
Your uncanny sense of smell can sniff out nearby items.


Message History

Duvessa hits you with a short sword!
* * * LOW HITPOINT WARNING * * *
You completely miss Duvessa.
Duvessa is moderately wounded.
Duvessa hits you but does no damage.
You hit Duvessa but do no damage.
Your weapon exudes an aura of protection.
Duvessa is moderately wounded.
Duvessa hits you but does no damage. x2
You closely miss Duvessa.
Duvessa is moderately wounded.
Duvessa hits you but does no damage.
You hit Duvessa but do no damage.
Duvessa is moderately wounded.
Duvessa hits you with a short sword.
* * * LOW HITPOINT WARNING * * *
You hit Duvessa but do no damage.
Duvessa is moderately wounded.
Duvessa hits you with a short sword!
You die...

*#.#*****
##################.#,,,,,,
#..........∩..>...#**,,***
#.#######.#......## **,***
#.# #.......## **,,, #.#
#.##.....## **,*,,
#.#######.........##*,,,,,
#.........####.....#.,,,,,
#.#######♣#...........,,,,
###.# #e#.##.####.##,,,,
#...# #(#.##.#*,,,..,,,,
#.#.# #.((##.#*,***.,,,,
#.#.#######.<..(....* *,,,*,
#).........(..#####.***,,,*,
#.[.....####..# *,,,,,,,*,
#.......# #..# *,*,**,,,,
#.......####..#** *,*,**,,,,


You could see Duvessa (berserk).

Vanquished Creatures
  An ogre (D:4)
  Blork the orc (D:4)
  Dowan (D:4)
  A worker ant (D:3)
  The ghost of Iko the Skirmisher, a weakling MfBe of Trog (D:3)
  A hound skeleton (D:2)
  7 adders
  An ooze (D:3)
  An adder skeleton (D:4)
  2 worms (D:2)
  5 dart slugs
  3 leopard geckos
  5 orcs
  3 giant cockroaches
  6 goblins
  6 hobgoblins
  4 jackals (D:2)
  2 quokkas
  3 ball pythons
  10 bats
  6 frilled lizards
  2 kobolds (D:1)
  A leopard gecko skeleton (D:3)
  6 rats
79 creatures vanquished.

Notes
Turn   | Place    | Note
-------+----------+-------------------------------------------
     0 | D:1      | RENEGADE the Gnoll Hunter began the quest for the Orb.
     0 | D:1      | Reached XP level 1. HP: 20/20 MP: 1/1
   115 | D:1      | Reached XP level 2. HP: 26/26 MP: 2/2
   632 | D:2      | Found a stormy altar of Qazlal.
   653 | D:2      | Became a worshipper of Qazlal Stormbringer
   660 | D:2      | Reached XP level 3. HP: 31/31 MP: 3/3
   679 | D:2      | Reached skill level 1 in Invocations
   824 | D:2      | Reached skill level 1 in Short Blades
   824 | D:2      | Reached skill level 1 in Long Blades
   824 | D:2      | Reached skill level 1 in Axes
   824 | D:2      | Reached skill level 1 in Maces & Flails
   824 | D:2      | Reached skill level 1 in Polearms
   824 | D:2      | Reached skill level 1 in Staves
   824 | D:2      | Reached skill level 1 in Bows
   824 | D:2      | Reached skill level 1 in Crossbows
   824 | D:2      | Reached skill level 1 in Throwing
   824 | D:2      | Reached skill level 1 in Armour
   824 | D:2      | Reached skill level 1 in Shields
   824 | D:2      | Reached skill level 1 in Unarmed Combat
   824 | D:2      | Reached skill level 1 in Spellcasting
   824 | D:2      | Reached skill level 1 in Evocations
   860 | D:2      | Reached XP level 4. HP: 32/38 MP: 5/5
  1468 | D:3      | Reached skill level 1 in Conjurations
  1468 | D:3      | Reached skill level 1 in Hexes
  1468 | D:3      | Reached skill level 1 in Charms
  1468 | D:3      | Reached skill level 1 in Summonings
  1468 | D:3      | Reached skill level 1 in Necromancy
  1468 | D:3      | Reached skill level 1 in Translocations
  1468 | D:3      | Reached skill level 1 in Transmutations
  1468 | D:3      | Reached skill level 1 in Fire Magic
  1468 | D:3      | Reached skill level 1 in Ice Magic
  1468 | D:3      | Reached skill level 1 in Air Magic
  1468 | D:3      | Reached skill level 1 in Earth Magic
  1468 | D:3      | Reached skill level 1 in Poison Magic
  1526 | D:3      | Reached * piety under Qazlal
  1661 | D:3      | Reached XP level 5. HP: 43/43 MP: 6/6
  2156 | D:3      | Noticed Iko's ghost (weakling MfBe)
  2191 | D:3      | Killed Iko's ghost
  2373 | D:3      | Found a bloodstained altar of Trog.
  2791 | D:4      | Noticed Dowan
  2796 | D:4      | Killed Dowan
  2796 | D:4      | Reached XP level 6. HP: 43/50 MP: 8/8
  2808 | D:4      | Noticed Blork the orc
  2840 | D:4      | Reached skill level 5 in Fighting
  2840 | D:4      | Reached skill level 5 in Dodging
  2910 | D:4      | Killed Blork the orc
  3047 | D:4      | Found Ukutir's Distillery.
  3055 | D:4      | Bought a potion of curing for 36 gold pieces
  3055 | D:4      | Bought a potion of curing for 36 gold pieces
  3064 | D:4      | Noticed Duvessa
  3075 | D:4      | HP: 2/51 [Duvessa/short sword (9)]
  3083 | D:4      | HP: 3/76 [Duvessa/short sword (2)]
  3084 | D:4      | Slain by Duvessa

Skill      XL: |  1  2  3  4  5  6 |
---------------+-------------------+-----
Invocations    | 1 2 |  2.3
Short Blades   | 1 2 |  2.1
Long Blades    | 1 2 |  2.1
Axes           | 1 2 |  2.1
Maces & Flails | 1 2 |  2.1
Polearms       | 1 2 |  2.1
Staves         | 1 2 |  2.1
Bows           | 1 2 |  2.1
Crossbows      | 1 2 |  2.1
Throwing       | 1 2 |  2.1
Armour         | 1 2 |  2.1
Shields        | 1 2 |  2.1
Unarmed Combat | 1 2 |  2.1
Spellcasting   | 1 2 |  2.1
Evocations     | 1 2 |  2.1
Conjurations   | 1 |  1.6
Hexes          | 1 |  1.6
Charms         | 1 |  1.6
Summonings     | 1 |  1.6
Necromancy     | 1 |  1.6
Translocations | 1 |  1.6
Transmutations | 1 |  1.6
Fire Magic     | 1 |  1.6
Ice Magic      | 1 |  1.6
Air Magic      | 1 |  1.6
Earth Magic    | 1 |  1.6
Poison Magic   | 1 |  1.6
Fighting       | 5 |  5.0
Dodging        | 5 |  5.0
Stealth        | 3 |  3.2
Slings         | |  8.8

Action                   |  1- 3 |  4- 6 || total
-------------------------+-------+-------++-------
Melee: Hunting sling     |    12 |     4 ||    16
       Bite              |     3 |     5 ||     8
       Short sword       |       |    16 ||    16
       Dagger            |       |     5 ||     5
 Fire: Hunting sling     |    88 |   145 ||   233
Throw: Tomahawk          |       |     2 ||     2
  Use: Scroll            |     2 |    10 ||    12
       Potion            |       |     7 ||     7
  Eat: Ration            |       |     2 ||     2
       Chunk             |       |     1 ||     1
Armor: Leather armour    |    16 |    10 ||    26
       Scale mail        |       |     5 ||     5
       Ring mail         |       |     4 ||     4
       Skin              |       |     6 ||     6
Dodge: Dodged            |    51 |    54 ||   105
Block: Other             |       |     4 ||     4
